 Dungeon Crawl Stone Soup version 0.28.0-53-g5a82cb258f (webtiles) character file.

Game seed: 5788628546578166028

21 fuccboisucc420 the Conjurer (level 2, -1/20 HPs)
             Began as a Demigod Conjurer on July 19, 2022.
             Slain by an adder (4 damage)
             ... on level 2 of the Dungeon.
             The game lasted 00:05:43 (1513 turns).

fuccboisucc420 the Conjurer (Demigod Conjurer)      Turns: 1513, Time: 00:05:44

Health: -1/20      AC:  2    Str:  8    XL:     2   Next: 45%
Magic:  3/7        EV: 12    Int: 20    God:
Gold:   72         SH:  0    Dex: 12    Spells: 4/5 levels left

rFire   . . .      SeeInvis .   (no weapon)
rCold   . . .      Faith    .   (no shield)
rNeg    . . .      Spirit   .   a - +0 robe
rPois   .          Reflect  .   (no helmet)
rElec   .          Harm     .   (no cloak)
rCorr   .          Rampage  .   (no gloves)
Will    .....                   (no boots)
Stlth   ++........              (no amulet)
HPRegen 0.06/turn               (no ring)
MPRegen 0.10/turn               (no ring)

@: lethally poisoned (-1 -> -6)
A: high MP 1, forlorn, divine attributes
a: no special abilities


You were on level 2 of the Dungeon.
You visited 1 branch of the dungeon, and saw 2 of its levels.

You collected 72 gold pieces.

Inventory:

Armour
 a - a +0 robe (worn)
Jewellery
 d - a ring of flight
Scrolls
 b - a scroll of fog {unknown}
 c - a scroll of blinking {unknown}


   Skills:
 + Level 0.1 Fighting
 + Level 1.7 Dodging
 + Level 1.8 Stealth
 + Level 0.3 Unarmed Combat
 + Level 2.0 Spellcasting
 + Level 4.1 Conjurations


You had 4 spell levels left.
You knew the following spells:

 Your Spells              Type           Power      Damage    Failure   Level
a - Magic Dart            Conj           72%        1d6       3%          1

Your spell library contained the following spells:

 Spells                   Type           Power      Damage    Failure   Level
 Searing Ray              Conj           36%        2d5       4%          2
 Dazzling Flash           Conj/Hex       20%        N/A       21%         3
 Fulminant Prism          Conj/Hex       5%         3d7       56%         4
 Iskenderun's Mystic Bla  Conj/Tloc      10%        2d4       56%         4


Dungeon Overview and Level Annotations

Branches:
Dungeon (2/15)


Innate Abilities, Weirdness & Mutations

You have an increased reservoir of magic. (+10% MP)
You shall have no god before yourself.
Your divine heritage dramatically boosts your attributes as you level up.


Message History

Casting: Magic Dart (safe; 3% risk of failure)
Confirm with . or Enter, or press ? or * to list all spells.
Aiming: Magic Dart (safe; 3% risk of failure)
Press: ? - help, Shift-Dir - straight line, f/p - adder
Aim: an adder (heavily wounded, 100% to hit)
The magic dart hits the adder.
The adder is heavily wounded.
Casting: Magic Dart (safe; 3% risk of failure)
Confirm with . or Enter, or press ? or * to list all spells.
Aiming: Magic Dart (safe; 3% risk of failure)
Press: ? - help, Shift-Dir - straight line, f/p - adder
Aim: an adder (heavily wounded, 100% to hit)
The magic dart hits the adder.
The adder is severely wounded.
You hit the adder but do no damage.
The adder is severely wounded.
The adder bites you.
You closely miss the adder.
The adder is severely wounded.
The adder bites you. x2
Casting: Magic Dart (safe; 3% risk of failure)
Confirm with . or Enter, or press ? or * to list all spells.
Aiming: Magic Dart (safe; 3% risk of failure)
Press: ? - help, Shift-Dir - straight line, f/p - adder
Aim: an adder (heavily wounded, 100% to hit)
The magic dart hits the adder.
The adder is severely wounded.
The adder bites you.
You are lethally poisoned!
The adder poisons you!
You barely miss the adder.
The adder is severely wounded.
* * * LOW HITPOINT WARNING * * *
You feel sick. The adder bites you.
* * * LOW HITPOINT WARNING * * *
You hit the adder.
The adder is severely wounded.
* * * LOW HITPOINT WARNING * * *
You feel sick. The adder bites you.
You die...

..P.._......'..#.#
....###P.PPP#....#
# . ##PPPP#...##.#
######.#....#
#...#### ##.## #.#
#†# ##@# # #.S#
#.##.##.##
#......†#
####.#.)# # #..#
#..# #..# #..#


You could see an adder.

Vanquished Creatures
  2 ball pythons (D:1)
  A bat (D:1)
  3 endoplasms (D:1)
  A giant cockroach (D:1)
  4 hobgoblins
  A kobold (D:2)
  A quokka (D:2)
  2 frilled lizards
  A goblin (D:1)
  2 rats
18 creatures vanquished.

Vanquished Creatures (others)
  A plant (D:2)
  3 withered plants (D:2)
4 creatures vanquished.

Grand Total: 22 creatures vanquished

Notes
Turn   | Place    | Note
-------+----------+-------------------------------------------
     0 | D:1      | fuccboisucc420 the Demigod Conjurer began the quest for the
                  | Orb.
     0 | D:1      | Reached XP level 1. HP: 14/14 MP: 5/5
   832 | D:1      | Reached XP level 2. HP: 20/20 MP: 4/7
   855 | D:1      | Reached skill level 4 in Conjurations
  1513 | D:2      | Slain by an adder

Illustrated notes

Levels and vault maps discovered:
D:1:      mushboom_english_gardens, layout_loops_corners
D:2:      layout_loops_ring, serial_shops, shop,
          shapermc_ecumenical_altar_flowoftime, hangedman_decor_growths,
          nicolae_figureground_sparkle, uniq_robin

Skill      XL: |  1  2 |
---------------+-------+-----
Conjurations   | 4 |  4.1
Spellcasting   | 2 |  2.0
Fighting       | |  0.1
Dodging        | |  1.7
Stealth        | |  1.8
Unarmed Combat | |  0.3

Action                   || total
-------------------------++-------
Melee: Unarmed           ||    36
       Punch             ||     2
 Cast: Magic Dart        ||    42
 Stab: Sleeping          ||     1
Armor: Robe              ||     8
Dodge: Dodged            ||    22
